 Dungeon Crawl Stone Soup version 0.26-a0-800-g517d6fe721 (webtiles) character file.

Game seed: 18276114004587749495

21 robertstho the Chiller (level 2, 0/15 HPs)
             Began as a Deep Elf Ice Elementalist on Nov 11, 2020.
             Slain by a leopard gecko (3 damage)
             ... on level 1 of the Dungeon.
             The game lasted 00:00:51 (1167 turns).

robertstho the Chiller (Deep Elf Ice Elementalist)  Turns: 1167, Time: 00:00:52

Health: 0/15       AC:  2    Str:  5    XL:     2   Next: 65%
Magic:  7/8        EV: 13    Int: 19    God:
Gold:   55         SH:  0    Dex: 15    Spells: 6/7 levels left

rFire    . . .     SeeInvis .   g - +0 short sword
rCold    . . .     Faith    .   (no shield)
rNeg     . . .     Spirit   .   a - +0 robe
rPois    .         Reflect  .   (no helmet)
rElec    .         Harm     .   (no cloak)
rCorr    .         Rampage  .   (no gloves)
MR       .....                  (no boots)
Stlth    ++........             (no amulet)
HPRegen  0.05/turn              (no ring)
MPRegen  0.11/turn              (no ring)

@: no status effects
A: no striking features
a: no special abilities


You were on level 1 of the Dungeon.
You visited 1 branch of the dungeon, and saw 1 of its levels.

You collected 55 gold pieces.

Inventory:

Hand Weapons
 g - a +0 short sword (weapon)
Armour
 a - a +0 robe (worn)
Scrolls
 b - a scroll of identify {unknown}
 c - a scroll of fog {unknown}
 f - a scroll of remove curse {unknown}
Potions
 d - a potion of might {unknown}
 e - a potion of flight {unknown}


   Skills:
 + Level 2.5 Dodging
 + Level 2.4 Stealth
 * Level 3.4 Spellcasting
 * Level 5.0 Ice Magic


You had 6 spell levels left.
You knew the following spells:

 Your Spells              Type           Power        Failure   Level
a - Freeze                Ice            ###.         1%          1

Your spell library contained the following spells:

 Spells                   Type           Power        Failure   Level
 Frozen Ramparts          Ice            ###...       5%          3
 Ozocubu's Armour         Ice            ###.....     5%          3
 Hailstorm                Conj/Ice       ##......     45%         4
 Summon Ice Beast         Ice/Summ       ##......     45%         4


Dungeon Overview and Level Annotations

Branches:
Dungeon (1/15)

Altars:


Message History

You closely miss the leopard gecko.
The leopard gecko is moderately wounded.
The leopard gecko bites you. The leopard gecko misses you.
You hit the leopard gecko.
The leopard gecko is heavily wounded.
The leopard gecko closely misses you.
You closely miss the leopard gecko.
The leopard gecko is heavily wounded.
The leopard gecko bites you.
* * * LOW HITPOINT WARNING * * *
You are too injured to fight recklessly!
Casting: Freeze (safe; 1% risk of failure)
Confirm with . or Enter, or press ? or * to list all spells.
Aiming: Freeze (safe; 1% risk of failure)
Press: ? - help, Shift-Dir - straight line, f - leopard gecko
Aim: a leopard gecko (heavily wounded)
You freeze the leopard gecko.
The leopard gecko is severely wounded.
The leopard gecko bites you.
You die...

####### ......# #####.# #.#
######### #.# #.l..$... #.#
#@# #.# #.# #.#### #.#
#>...## #.# #.##..# #.#
#.###.# #.# #.# #.# #.#
#.###.######.################
#............................


You could see a leopard gecko.

Vanquished Creatures
  An ooze (D:1)
  A dart slug (D:1)
  A leopard gecko (D:1)
  3 bats (D:1)
  A goblin (D:1)
  2 hobgoblins (D:1)
  2 frilled lizards (D:1)
  A kobold (D:1)
  4 rats (D:1)
16 creatures vanquished.

Notes
Turn   | Place    | Note
-------+----------+-------------------------------------------
     0 | D:1      | robertstho the Deep Elf Ice Elementalist began the quest
                  | for the Orb.
     0 | D:1      | Reached XP level 1. HP: 10/10 MP: 6/6
   247 | D:1      | Reached XP level 2. HP: 8/15 MP: 6/8
   864 | D:1      | Reached skill level 5 in Ice Magic
  1167 | D:1      | Slain by a leopard gecko

Illustrated notes

Levels and vault maps discovered:
D:1:      scummos_arrival_forest, layout_basic, patterned_corridor

Skill      XL: |  1  2 |
---------------+-------+-----
Ice Magic      | 5 |  5.0
Dodging        | |  2.5
Stealth        | |  2.4
Spellcasting   | |  3.4

Action                   || total
-------------------------++-------
Melee: Unarmed           ||    28
       Short sword       ||    10
 Cast: Freeze            ||    19
 Stab: Sleeping          ||     2
Armor: Robe              ||     9
Dodge: Dodged            ||    37

Table legend: (Time is in decaauts)
 A = Elapsed time spent in this place.
 B = Non-inter-level travel time spent in this place.
 C = Inter-level travel time spent in this place.
 D = Time resting spent in this place.
 E = Time spent auto-exploring this place.
 F = Levels seen in this place.
 G = Mean time per level.
                   A        B        C        D        E       F      G
               +--------+--------+--------+--------+--------+-----+--------+
         Total |   1167 |   1167 |      0 |      0 |   1047 |   1 | 1167.0 |
       Dungeon |   1167 |   1167 |      0 |      0 |   1047 |   1 | 1167.0 |
               +--------+--------+--------+--------+--------+-----+--------+

Top non-repeatable levels by time:
     D:1: 1167 daAuts
